 Dungeon Crawl Stone Soup version 0.30.1-9-gdf580d7c3d (webtiles) character file.

Game seed: 16823931587672490478

64 Ninjinzu the Grave Robber (level 3, -2/24 HPs)
             Began as a Demonspawn Necromancer on Sept 27, 2023.
             Slain by a gnoll
             ... wielding a +0 spear
              (9 damage)
             ... on level 2 of the Dungeon.
             The game lasted 00:04:59 (1833 turns).

Ninjinzu the Grave Robber (Demonspawn Necromancer)  Turns: 1833, Time: 00:05:00

Health: -2/24      AC:  2    Str:  8    XL:     3   Next: 91%
Magic:  5/7        EV: 12    Int: 18    God:
Gold:   36         SH:  0    Dex: 13    Spells: 6/7 levels left

rFire   . . .        (no weapon)
rCold   . . .        (no shield)
rNeg    . . .        a - +0 robe
rPois   .            (no helmet)
rElec   .            (no cloak)
rCorr   .            (no gloves)
SInv    .            (no boots)
Will    .....        (no amulet)
Stlth   ++           (no ring)
HPRegen 0.24/turn    (no ring)
MPRegen 0.10/turn

%: no passive effects
@: no status effects
A: demonic magic 1
a: no special abilities


You were on level 2 of the Dungeon.
You visited 1 branch of the dungeon, and saw 2 of its levels.

You collected 36 gold pieces.

Inventory:

Armour
 a - a +0 robe (worn)
Scrolls
 c - 2 scrolls of poison {unknown}
 d - a scroll of identify {unknown}
 e - a scroll of amnesia {unknown}
Potions
 f - 5 potions of curing {unknown}


   Skills:
 + Level 1.7 Dodging
 + Level 1.8 Stealth
 + Level 2.7 Spellcasting
 + Level 5.6 Necromancy


You had 6 spell levels left.
You knew the following spells:

 Your Spells              Type           Power      Damage    Failure   Level
a - Necrotise             Necr           88%        1d8       1%          1

Your spell library contained the following spells:

 Spells                   Type           Power      Damage    Failure   Level
 Vampiric Draining        Necr           22%        2d7       4%          3
 Animate Dead             Necr           22%        N/A       17%         4
 Agony                    Necr           22%        N/A       43%         5


Dungeon Overview and Level Annotations

Branches:
Dungeon (2/15)

Altars:
Hepliaklqana


Innate Abilities, Weirdness & Mutations

Spells you cast may paralyse adjacent enemies.


Message History

Your hobgoblin skeleton is destroyed!
The hobgoblin hits you but does no damage.
Your gnoll skeleton hits the gnoll.
The gnoll hits your gnoll skeleton with a +0 spear.
The hobgoblin closely misses you.
Your gnoll skeleton barely misses the gnoll.
The hobgoblin hits you but does no damage.
The gnoll hits your gnoll skeleton with a +0 spear.
The gnoll hits your gnoll skeleton with a +0 flail!
Your gnoll skeleton is destroyed!
The hobgoblin hits you. The hobgoblin attacks as you move away!
The hobgoblin hits you but does no damage.
The hobgoblin misses you.
Aiming: Necrotise (safe; 1% risk of failure)
Press: ? - help, Q - select action Shift-Dir - straight line, f - hobgoblin
Aim: a hobgoblin (chance to affect: 91%)
The hobgoblin writhes in agony.
Malevolent energies surge around you. The gnoll closely misses you.
The hobgoblin hits you. The gnoll misses you. Magic courses through your body.
The gnoll hits you from afar with a +0 spear.
The hobgoblin barely misses you.
Aiming: Necrotise (safe; 1% risk of failure)
Press: ? - help, Q - select action Shift-Dir - straight line, f/p - hobgoblin
Aim: a hobgoblin (moderately wounded, chance to affect: 91%)
The hobgoblin writhes in agony.
Malevolent energies surge around you.
The hobgoblin suddenly stops moving!
The gnoll suddenly stops moving!
The gnoll hits you from afar with a +0 spear!
* * * LOW HITPOINT WARNING * * *
Aiming: Necrotise (safe; 1% risk of failure)
Press: ? - help, Q - select action Shift-Dir - straight line, f/p - hobgoblin
Aim: a hobgoblin (heavily wounded, paralysed, chance to affect: 91%)
The hobgoblin writhes in agony.
You kill the hobgoblin!
Malevolent energies surge around you.
The dead are walking!
The gnoll hits you from afar with a +0 spear!
You die...

#### #.. ############.#
#............# ##
#######............# #.
#..................# #.
#..................#######.
#.........)........#.......
#........Z@....#.#...#####.
#######...g....#.#.#.......
.......gg......#.###.##.#..
#######g#####.##.....##....
#g#...#.######.####..
#..g.$.......#.####..
###).##......#.......
.....).g...............>
..##............#######.


You could see 5 gnolls and a friendly hobgoblin skeleton.

Vanquished Creatures
  A gnoll (D:2)
  3 bats (D:1)
  2 endoplasms (D:1)
  A giant cockroach (D:1)
  3 goblins
  7 hobgoblins
  A jackal (D:1)
  3 kobolds (D:1)
  A quokka (D:1)
  7 ball pythons (D:1)
  5 frilled lizards (D:1)
  4 rats
38 creatures vanquished.

Vanquished Creatures (collateral kills)
  A gnoll (D:2)
  A dart slug (D:1)
  A goblin (D:1)
  A jackal (D:1)
  A ball python (D:2)
5 creatures vanquished.

Grand Total: 43 creatures vanquished

Notes
Turn   | Place    | Note
-------+----------+-------------------------------------------
     0 | D:1      | Ninjinzu the Demonspawn Necromancer began the quest for the
                  | Orb.
     0 | D:1      | Reached XP level 1. HP: 13/13 MP: 3/3
   274 | D:1      | Gained mutation: Spells you cast may paralyse adjacent
                  | enemies. [demonic ancestry]
   274 | D:1      | Reached XP level 2. HP: 19/19 MP: 0/5
   519 | D:1      | Reached skill level 5 in Necromancy
   844 | D:1      | Reached XP level 3. HP: 24/24 MP: 0/6
  1359 | D:1      | Found a faded altar of an unknown god.
  1801 | D:2      | Found a hazy altar of Hepliaklqana.
  1833 | D:2      | Slain by a gnoll

Illustrated notes

Levels and vault maps discovered:
D:1:      heliophobic_arrival_ceremonial_halls, layout_basic,
          shapermc_ecumenical_altar_mp_ritualfount
D:2:      layout_basic, basic_altar, serial_shops, nicolae_shop_gaudy_bauble

Skill      XL: |  1  2 |
---------------+-------+-----
Necromancy     | 5 |  5.6
Dodging        | |  1.7
Stealth        | |  1.8
Spellcasting   | |  2.7

Action                     || total
---------------------------++-------
   Cast: Necrotise         ||    77
    Use: Potion            ||     1
 Armour: Robe              ||     7
  Dodge: Dodged            ||    19
